PCL
EL PASO CHIHUAHUAS @ LAS VEGAS 51S
06/28/2099
 
TOP OF THE 1ST
El Paso Chihuahuas batting - Pitching for Las Vegas 51s : RHP Brian Craig
Pitching: RHP Brian Craig
Batting: RHB Chris Ell 0-0: Called Strike
0-1: Ball
1-1: Swinging Strike
1-2: Fly out, F7 (Flyball, 7, EV 74.4 MPH)
Batting: RHB Pat Holland 0-0: Swinging Strike
0-1: Called Strike
0-2: Foul Ball, location: 2F
0-2: Ball
1-2: Ball
2-2: Ball
3-2: Foul Ball, location: 9LDF
3-2: SOLO HOME RUN (Flyball, 78XD, EV 99.4 MPH), Distance : 403 ft
Batting: LHB Emilio Gonzales 0-0: Swinging Strike
0-1: Ball
1-1: Foul Ball, location: 2F
1-2: Fly out, F9 (Flyball, 89D, EV 86.9 MPH)
Batting: SHB Oscar Torres 0-0: Foul Ball, location: 9LMF
0-1: Swinging Strike
0-2: Ground out U3 (Groundball, 3L, EV 90.0 MPH)
Top of the 1st over - 1 run, 1 hit, 0 errors, 0 left on base; El Paso 1 - Las Vegas 0
BOTTOM OF THE 1ST
Las Vegas 51s batting - Pitching for El Paso Chihuahuas : RHP Aaron D'Uva
Pitching: RHP Aaron D'Uva
Batting: LHB Brandon Corter 0-0: Ball
1-0: Foul Ball, location: 2F
1-1: TRIPLE (Line Drive, 8RXD, EV 103.8 MPH)
Batting: RHB Joseph Burgess 0-0: Ball
1-0: Ball
2-0: Called Strike
2-1: 2-RUN HOME RUN (Flyball, 9LD, EV 92.5 MPH), Distance : 330 ft
Batting: SHB Dave Noriega 0-0: Ball
1-0: Foul Ball, location: 2F
1-1: Swinging Strike
1-2: Strikes out swinging
Batting: RHB Yutaka Higashi 0-0: Ball
1-0: Swinging Strike
1-1: Ball
2-1: Swinging Strike
2-2: Foul Ball, location: 2F
2-2: Strikes out looking
Batting: LHB Jared Fetzer 0-0: Ground out U3 (Groundball, 3S, EV 61.3 MPH)
Bottom of the 1st over - 2 runs, 2 hits, 0 errors, 0 left on base; El Paso 1 - Las Vegas 2
TOP OF THE 2ND
El Paso Chihuahuas batting - Pitching for Las Vegas 51s : RHP Brian Craig
Batting: LHB Victor Carrillo 0-0: Foul Ball, location: 9LMF
0-1: Ball
1-1: Ball
2-1: Fly out, F8 (Line Drive, 8LS, EV 92.5 MPH)
Batting: SHB Jadon Mitchell 0-0: Called Strike
0-1: Ball
1-1: SINGLE (Groundball, 34D, EV 98.8 MPH)
Batting: RHB Andy Burke 0-0: Called Strike
0-1: Ball
1-1: Grounds into double play, 5-4-3 (Groundball, 56, EV 104.4 MPH)
Top of the 2nd over - 0 runs, 1 hit, 0 errors, 0 left on base; El Paso 1 - Las Vegas 2
BOTTOM OF THE 2ND
Las Vegas 51s batting - Pitching for El Paso Chihuahuas : RHP Aaron D'Uva
Batting: RHB Omar Munoz 0-0: Ball
1-0: Foul Ball, location: 9LMF
1-1: Foul Ball, location: 2F
1-2: Ball
2-2: Ball
3-2: Ground out 5-3 (Groundball, 56, EV 86.9 MPH)
Batting: RHB Nate Todaro 0-0: SINGLE (Line Drive, 89S, EV 103.1 MPH)
Batting: RHB Nate Westendorf 0-0: Foul Ball, location: 9LSF
0-1: Fly out, F3 (Popup, 34S, EV 80.0 MPH)
Batting: RHB Gil Cruz 0-0: Ball
1-0: Foul Ball, location: 25F
1-1: Ball
2-1: SINGLE (Groundball, 34D, EV 98.1 MPH)
Nate Todaro to second
Runner from 2nd tries for 3rd, SAFE, no throw by RF
Batting: LHB Brandon Corter 0-0: Ball
1-0: Ball
2-0: Called Strike
2-1: Foul Ball, location: 9LSF
2-2: Ball
3-2: DOUBLE (Line Drive, 8RXD, EV 100.6 MPH)
Nate Todaro scores
Gil Cruz to third
Gil Cruz scores
Batting: RHB Joseph Burgess 0-0: Called Strike
0-1: Swinging Strike
0-2: Ball
1-2: Foul Ball, location: 9LDF
1-2: Ball
2-2: Strikes out swinging
Bottom of the 2nd over - 2 runs, 3 hits, 0 errors, 1 left on base; El Paso 1 - Las Vegas 4
TOP OF THE 3RD
El Paso Chihuahuas batting - Pitching for Las Vegas 51s : RHP Brian Craig
Batting: RHB Jonathan Troncoso 0-0: Foul Ball, location: 23F
0-1: Ball
1-1: Ball
2-1: Ball
3-1: Base on Balls
Batting: LHB Wulf Hoogesteger 0-0: Called Strike
0-1: Ball
1-1: Ball
2-1: Fly out, F8 (Flyball, 8LD, EV 93.8 MPH)
Batting: RHB Chris Ell 0-0: Foul Ball, location: 3F
0-1: Swinging Strike
0-2: Fly out, F7 (Flyball, 7D, EV 88.1 MPH)
Batting: RHB Pat Holland 0-0: Ball
1-0: Ground out 6-3 (Groundball, 6D, EV 96.3 MPH)
Top of the 3rd over - 0 runs, 0 hits, 0 errors, 1 left on base; El Paso 1 - Las Vegas 4
BOTTOM OF THE 3RD
Las Vegas 51s batting - Pitching for El Paso Chihuahuas : RHP Aaron D'Uva
Batting: SHB Dave Noriega 0-0: Foul Ball, location: 23FF
0-1: Ball
1-1: Ball
2-1: Foul Ball, location: 3F
2-2: Foul Ball, location: 2F
2-2: SINGLE (Line Drive, 78S, EV 101.9 MPH)
Batting: RHB Yutaka Higashi 0-0: Ball
1-0: Ball
2-0: SINGLE (Line Drive, 78S, EV 99.4 MPH)
Dave Noriega to second
Batting: LHB Jared Fetzer 0-0: Called Strike
0-1: Ball
1-1: Foul Ball, location: 9LDF
1-2: Ball
2-2: Fielders Choice at 2nd, 3-6 (Groundball, 3, EV 104.4 MPH)
Dave Noriega to third
Batting: RHB Omar Munoz 0-0: Ball
1-0: Foul Ball, location: 9LSF
1-1: Foul Ball, location: 9LMF
1-2: Fly out, F8 (Flyball, 89D, EV 95.6 MPH)
Runner from 3rd tags up, SCORES, throw by CF
Pitching: RHP Pat Kirkland
Batting: RHB Nate Todaro 0-0: Ball
1-0: Called Strike
Jared Fetzer steals 2nd base
1-1: Ball
2-1: Called Strike
2-2: Fly out, F7 (Flyball, 7, EV 84.4 MPH)
Bottom of the 3rd over - 1 run, 2 hits, 0 errors, 1 left on base; El Paso 1 - Las Vegas 5
TOP OF THE 4TH
El Paso Chihuahuas batting - Pitching for Las Vegas 51s : RHP Brian Craig
Batting: LHB Emilio Gonzales 0-0: Ball
1-0: Foul Ball, location: 2LF
1-1: Ball
2-1: Swinging Strike
2-2: Ball
3-2: Strikes out swinging
Batting: SHB Oscar Torres 0-0: Ball
1-0: Fly out, F8 (Flyball, 8RXD, EV 108.8 MPH)
Batting: LHB Victor Carrillo 0-0: Ball
1-0: Ground out 4-3 (Groundball, 4, EV 104.4 MPH)
Top of the 4th over - 0 runs, 0 hits, 0 errors, 0 left on base; El Paso 1 - Las Vegas 5
BOTTOM OF THE 4TH
Las Vegas 51s batting - Pitching for El Paso Chihuahuas : RHP Pat Kirkland
Batting: RHB Nate Westendorf 0-0: Ball
1-0: Ball
2-0: Called Strike
2-1: Swinging Strike
2-2: Fly out, F7 (Flyball, 7S, EV 92.5 MPH)
Batting: RHB Gil Cruz 0-0: Called Strike
0-1: Ball
1-1: Ball
2-1: Foul Ball, location: 2F
2-2: Strikes out looking
Batting: LHB Brandon Corter 0-0: Ball
1-0: Foul Ball, location: 7LSF
1-1: Ball
2-1: Swinging Strike
2-2: Ball
3-2: SINGLE (Line Drive, 4M, EV 105.6 MPH)
Batting: RHB Joseph Burgess 0-0: Ball
1-0: DOUBLE (Flyball, 7LD, EV 102.5 MPH)
Brandon Corter to third
Runner from 3rd tries for Home, SAFE, throw by LF to trailing runner, SAFE at third!
Batting: SHB Dave Noriega 0-0: DOUBLE (Line Drive, 7LM, EV 110.6 MPH)
Joseph Burgess scores
Batting: RHB Yutaka Higashi 0-0: SINGLE (Line Drive, 78S, EV 91.3 MPH)
Dave Noriega to third
Batting: LHB Jared Fetzer 0-0: Ball
1-0: Ground out 4-3 (Groundball, 3, EV 103.8 MPH)
Bottom of the 4th over - 2 runs, 4 hits, 0 errors, 2 left on base; El Paso 1 - Las Vegas 7
TOP OF THE 5TH
El Paso Chihuahuas batting - Pitching for Las Vegas 51s : RHP Brian Craig
Batting: SHB Jadon Mitchell 0-0: Ball
1-0: Called Strike
1-1: Foul Ball, location: 7LSF
1-2: Ball
2-2: Ball
3-2: Foul Ball, location: 2F
3-2: Fly out, F4 (Popup, 34, EV 76.3 MPH)
Batting: RHB Andy Burke 0-0: Fly out, F8 (Flyball, 8LD, EV 75.0 MPH)
Batting: RHB Jonathan Troncoso 0-0: Foul Ball, location: 3F
0-1: Ball
1-1: Called Strike
1-2: Foul Ball, location: 9LMF
1-2: SOLO HOME RUN (Line Drive, 78XD, EV 102.5 MPH), Distance : 422 ft
Batting: LHB Wulf Hoogesteger 0-0: Called Strike
0-1: Foul Ball, location: 3FF
0-2: Ball
1-2: Foul Ball, location: 2F
1-2: Ball
2-2: Strikes out swinging
Top of the 5th over - 1 run, 1 hit, 0 errors, 0 left on base; El Paso 2 - Las Vegas 7
BOTTOM OF THE 5TH
Las Vegas 51s batting - Pitching for El Paso Chihuahuas : RHP Pat Kirkland
Batting: RHB Omar Munoz 0-0: Called Strike
0-1: Ground out 6-3 (Groundball, 6, EV 88.8 MPH)
Batting: RHB Nate Todaro 0-0: SINGLE (Line Drive, 4MD, EV 94.4 MPH)
Batting: RHB Nate Westendorf 0-0: Called Strike
0-1: Foul Ball, location: 25FF
0-2: Strikes out looking
Batting: RHB Gil Cruz 0-0: Ball
1-0: Foul Ball, location: 3FF
1-1: Called Strike
1-2: Ball
2-2: Foul Ball, location: 7LSF
2-2: Ball
3-2: Strikes out swinging
Bottom of the 5th over - 0 runs, 1 hit, 0 errors, 1 left on base; El Paso 2 - Las Vegas 7
TOP OF THE 6TH
El Paso Chihuahuas batting - Pitching for Las Vegas 51s : RHP Brian Craig
Batting: RHB Chris Ell 0-0: Swinging Strike
0-1: Ball
1-1: Swinging Strike
1-2: Ground out 6-3 (Groundball, 56, EV 106.3 MPH)
Batting: RHB Pat Holland 0-0: Ball
1-0: Swinging Strike
1-1: Called Strike
1-2: Ball
2-2: Foul Ball, location: 23FF
2-2: Foul Ball, location: 5FF
2-2: Strikes out looking
Batting: LHB Emilio Gonzales 0-0: Ball
1-0: Fly out, F8 (Flyball, 8LXD, EV 88.8 MPH)
Top of the 6th over - 0 runs, 0 hits, 0 errors, 0 left on base; El Paso 2 - Las Vegas 7
BOTTOM OF THE 6TH
Las Vegas 51s batting - Pitching for El Paso Chihuahuas : RHP Pat Kirkland
Batting: LHB Brandon Corter 0-0: Ball
1-0: SINGLE (Groundball, 6, EV 103.1 MPH) (infield hit)
Batting: RHB Joseph Burgess 0-0: Swinging Strike
0-1: Ball
1-1: Called Strike
1-2: Foul Ball, location: 9LDF
1-2: Strikes out swinging
Batting: SHB Dave Noriega 0-0: Ball
1-0: Ball
2-0: Ball
3-0: Base on Balls
Brandon Corter to second
Pitching: RHP Angelo Leon
Batting: RHB Yutaka Higashi 0-0: Called Strike
0-1: Foul Ball, location: 2F
0-2: Ball
1-2: Ball
2-2: Strikes out swinging
Batting: LHB Jared Fetzer 0-0: SINGLE (Groundball, 3S, EV 66.9 MPH) (infield hit)
Brandon Corter to third
Dave Noriega to second
Batting: RHB Omar Munoz 0-0: Foul Ball, location: 2F
0-1: Ball
1-1: Fly out, F8 (Flyball, 8LM, EV 81.9 MPH)
Bottom of the 6th over - 0 runs, 2 hits, 0 errors, 3 left on base; El Paso 2 - Las Vegas 7
TOP OF THE 7TH
El Paso Chihuahuas batting - Pitching for Las Vegas 51s : RHP Brian Craig
Batting: SHB Oscar Torres 0-0: Ball
1-0: Foul Ball, location: 2F
1-1: Foul Ball, location: 3SF
1-2: Strikes out swinging
Batting: LHB Victor Carrillo 0-0: Called Strike
0-1: Fly out, F7 (Flyball, 78M, EV 78.1 MPH)
Batting: SHB Jadon Mitchell 0-0: Ball
1-0: Swinging Strike
1-1: Called Strike
1-2: Strikes out swinging
Top of the 7th over - 0 runs, 0 hits, 0 errors, 0 left on base; El Paso 2 - Las Vegas 7
BOTTOM OF THE 7TH
Las Vegas 51s batting - Pitching for El Paso Chihuahuas : RHP Angelo Leon
Batting: RHB Nate Todaro 0-0: Ball
1-0: Called Strike
1-1: Swinging Strike
1-2: Foul Ball, location: 9LSF
1-2: Ball
2-2: Fly out, F7 (Line Drive, 7, EV 101.3 MPH)
Batting: RHB Nate Westendorf 0-0: Fly out, F8 (Flyball, 8LD, EV 106.3 MPH)
Batting: RHB Gil Cruz 0-0: Ball
1-0: Foul Ball, location: 9LMFF
1-1: Ball
2-1: Ball
3-1: Foul Ball, location: 7LSF
3-2: Base on Balls
Batting: LHB Brandon Corter 0-0: Called Strike
0-1: SINGLE (Groundball, 4MD, EV 97.5 MPH)
Gil Cruz to second
Runner from 2nd tries for 3rd, SAFE, throw by CF made to third
Batting: RHB Joseph Burgess 0-0: Ball
1-0: Ball
2-0: Ball
3-0: Called Strike
3-1: Called Strike
3-2: Foul Ball, location: 23FF
3-2: Foul Ball, location: 5DF
3-2: Foul Ball, location: 5SF
3-2: Strikes out looking
Bottom of the 7th over - 0 runs, 1 hit, 0 errors, 2 left on base; El Paso 2 - Las Vegas 7
TOP OF THE 8TH
El Paso Chihuahuas batting - Pitching for Las Vegas 51s : RHP Brian Craig
Batting: RHB Andy Burke 0-0: Ball
1-0: Foul Ball, location: 23F
1-1: DOUBLE (Line Drive, 5D, EV 93.8 MPH)
Batting: RHB Jonathan Troncoso 0-0: Foul Ball, location: 2F
0-1: Called Strike
0-2: Ball
1-2: Strikes out swinging
Pinch Hitting: RHB Edgar Pirir 0-0: Ball
1-0: Ball
2-0: DOUBLE (Flyball, 78XD, EV 95.0 MPH)
Andy Burke scores
Pinch Hitting: LHB Michael Jensen 0-0: Ball
1-0: Foul Ball, location: 7LMF
1-1: DOUBLE (Line Drive, 9LM, EV 106.3 MPH)
Edgar Pirir scores
Batting: RHB Pat Holland 0-0: Ground out 4-3 (Groundball, 4, EV 83.8 MPH)
Michael Jensen to third
Batting: LHB Emilio Gonzales 0-0: Called Strike
0-1: Ball
1-1: TRIPLE (Flyball, 89XD, EV 100.0 MPH)
Michael Jensen scores
Pitching: LHP Ed Negron
Batting: SHB Oscar Torres 0-0: 2-RUN HOME RUN (Flyball, 7LD, EV 96.9 MPH), Distance : 348 ft
Batting: LHB Victor Carrillo 0-0: Foul Ball, location: 3F
0-1: Foul Ball, location: 9LSFF
0-2: Ball
1-2: Strikes out swinging
Top of the 8th over - 5 runs, 5 hits, 0 errors, 0 left on base; El Paso 7 - Las Vegas 7
BOTTOM OF THE 8TH
Las Vegas 51s batting - Pitching for El Paso Chihuahuas : RHP Angelo Leon
Now at 2B: Takechi Nozawa
Now at SS: Andy Burke
Now in CF: Edgar Pirir
Batting: SHB Dave Noriega 0-0: Ball
1-0: Ball
2-0: DOUBLE (Line Drive, 9LS, EV 109.4 MPH)
Pitching: RHP Pete McNeely
Pinch Hitting: LHB Chris Sims 0-0: Called Strike
0-1: Ball
1-1: Ball
2-1: Ball
3-1: SINGLE (Groundball, 34D, EV 110.6 MPH)
Dave Noriega to third
Batting: LHB Jared Fetzer 0-0: Reached on error, E1 (Groundball, 13S, EV 68.8 MPH)
Chris Sims to second
Batting: RHB Omar Munoz 0-0: Swinging Strike
0-1: DOUBLE (Flyball, 8LXD, EV 101.9 MPH)
Dave Noriega scores
Chris Sims scores
Jared Fetzer to third
Batting: RHB Nate Todaro 0-0: Ball
1-0: Called Strike
1-1: SINGLE (Line Drive, 78M, EV 90.0 MPH)
Jared Fetzer scores
Omar Munoz to third
Batting: RHB Nate Westendorf 0-0: Called Strike
0-1: Called Strike
0-2: Ball
1-2: Ball
2-2: Foul Ball, location: 25FF
2-2: Foul Ball, location: 2F
2-2: Ball
3-2: Fly out, F9 (Flyball, 9, EV 84.4 MPH)
Runner from 3rd tags up, SCORES, throw by RF
Pitching: LHP Mike Yarrison
Batting: RHB Gil Cruz 0-0: Called Strike
Nate Todaro steals 2nd base
0-1: Foul Ball, location: 5F
0-2: Ball
1-2: Ball
2-2: Ball
3-2: Foul Ball, location: 3F
3-2: Foul Ball, location: 2F
3-2: DOUBLE (Flyball, 78D, EV 93.8 MPH)
Nate Todaro scores
Batting: LHB Brandon Corter 0-0: Ball
1-0: Ground out 6-3 (Groundball, 6, EV 90.0 MPH)
Batting: RHB Joseph Burgess 0-0: Called Strike
0-1: Fly out, F9 (Line Drive, 9LM, EV 88.8 MPH)
Bottom of the 8th over - 5 runs, 5 hits, 1 error, 1 left on base; El Paso 7 - Las Vegas 12
TOP OF THE 9TH
El Paso Chihuahuas batting - Pitching for Las Vegas 51s : LHP Ed Negron
Now in RF: Edwin de Santiago
Batting: SHB Jadon Mitchell 0-0: Called Strike
0-1: Called Strike
0-2: Ball
1-2: Strikes out swinging
Batting: RHB Andy Burke 0-0: Called Strike
0-1: Foul Ball, location: 2F
0-2: Strikes out swinging
Batting: RHB Jonathan Troncoso 0-0: Called Strike
0-1: Foul Ball, location: 9LMF
0-2: Ball
1-2: Foul Ball, location: 7LMF
1-2: Ball
2-2: Ground out 5-3 (Groundball, 56S, EV 89.4 MPH)
Top of the 9th over - 0 runs, 0 hits, 0 errors, 0 left on base; El Paso 7 - Las Vegas 12
Friday, May 10th , 2024 - OOTP Baseball 24.11 Build 85